 Dungeon Crawl Stone Soup version 0.28.0-43-g3370ac3207 (webtiles) character file.

Game seed: 15322397190476919658

167 protoss039 the Shield-Bearer (level 5, -4/42 HPs)
             Began as a Formicid Fighter on Mar 28, 2022.
             Was an Initiate of Okawaru.
             Killed by divine providence
             ... invoked by an orc priest
              (8 damage)
             ... on level 3 of the Dungeon.
             The game lasted 00:07:05 (2938 turns).

protoss039 the Shield-Bearer (Formicid Fighter)     Turns: 2938, Time: 00:07:05

Health: -4/42      AC:  7    Str: 28    XL:     5   Next: 76%
Magic:  6/6        EV:  9    Int:  8    God:    Okawaru [......]
Gold:   43         SH:  4    Dex: 10    Spells: 4/4 levels left

rFire   . . .      SeeInvis +   a - +0 war axe
rCold   . . .      Faith    .   c - +0 buckler
rNeg    . . .      Spirit   .   b - +0 scale mail
rPois   .          Reflect  .   (helmet unavailable)
rElec   .          Harm     .   (no cloak)
rCorr   .          Rampage  .   (no gloves)
Will    .....                   (no boots)
Stlth   ..........              (no amulet)
HPRegen 0.14/turn               k - ring of flight
MPRegen 0.10/turn               n - +6 ring of strength

@: mighty, flying
A: permanent stasis, dig shafts and tunnels, antennae 3, four strong arms
a: Dig, Shaft Self, Renounce Religion


You were on level 3 of the Dungeon.
You worshipped Okawaru.
Okawaru was noncommittal.
You visited 1 branch of the dungeon, and saw 3 of its levels.

You collected 43 gold pieces.

Inventory:

Hand Weapons
 a - a +0 war axe (weapon)
Missiles
 s - 4 javelins
Armour
 b - a +0 scale mail (worn)
 c - a +0 buckler (worn)
Jewellery
 k - a ring of flight (left hand)
 n - a +6 ring of strength (right hand)
Scrolls
 e - 4 scrolls of identify {unknown}
 f - a scroll of enchant weapon {unknown}
 h - 2 scrolls of teleportation {unknown}
 l - a scroll of vulnerability {unknown}
 m - a scroll of magic mapping {unknown}
 p - a scroll of blinking {unknown}
 r - a scroll of brand weapon {unknown}
 u - a scroll of noise {unknown}
Potions
 g - 2 potions of cancellation {unknown}
 i - a potion of attraction {unknown}
 j - a potion of heal wounds {unknown}
 o - 2 potions of brilliance {unknown}
 q - a potion of curing {unknown}
 t - a potion of ambrosia {unknown}


   Skills:
 + Level 4.1 Fighting
 + Level 3.8 Axes
 + Level 4.0 Armour
 + Level 4.2 Shields
 * Level 1.6 Invocations


You had 4 spell levels left.
You didn't know any spells.
Your spell library contained the following spells:

 Spells                   Type           Power      Damage    Failure   Level
 Inner Flame              Hex/Fire       0%         N/A       98%         3
 Cause Fear               Hex            0%         N/A       100%        4
 Discord                  Hex            0%         N/A       100%        8


Dungeon Overview and Level Annotations

Branches:
Dungeon (3/15)

Altars:
Okawaru

Annotations:
D:3 3 runed translucent doors, Jaiteiro's ghost, amateur VSFi


Innate Abilities, Weirdness & Mutations

You cannot be hasted, slowed, berserked, paralysed or teleported.
You can dig through walls and to a lower floor.
You have a pair of large antennae on your head. (SInv)
Your four strong arms can wield two-handed weapons with a shield.


Message History

Unknown command.
No target in view!
Unknown command.
Unknown command.
No target in view!
No target in view!
Unknown command.
The orc priest calls down the wrath of Beogh upon you.
Beogh smites you!
Unknown command.
You slash the orc!
You kill the orc!
Okawaru accepts your kill.
The orc priest calls down the wrath of Beogh upon you.
Beogh smites you!
Unknown command.
You closely miss the orc priest.
A quokka comes into view.
The orc priest invokes the aid of Beogh against you.
Beogh smites you!
* * * LOW HITPOINT WARNING * * *
You hit the orc priest.
The orc priest is moderately wounded.
You closely miss the orc.
The orc priest hits you with a +0 short sword.
* * * LOW HITPOINT WARNING * * *
You block the orc's attack.
An orc comes into view. It is wielding a +0 mace.
You feel very mighty all of a sudden.
The orc priest hits you but does no damage.
A worm comes into view.
You block the orc's attack.
Unknown command.
Unknown command.
You closely miss the orc priest.
The orc priest is moderately wounded.
You closely miss the orc.
The orc priest invokes the aid of Beogh against you.
Beogh smites you!
You die...

.. #....†......#
#.# ...
###..######### #.#
....#.#.......#
#.#
......#.#####...
#.# .
.............###
..
..#######.####...#
......#...##......
........!..†.###
##...o@..........
###ro##########.
#.# ... .o# ...#
w.. .#


You could see a worm, an orc priest, 2 orcs and a quokka.

Vanquished Creatures
  Natasha (thrice) (D:2)
  A gnoll (D:1)
  2 adders (D:2)
  2 dart slugs
  An orc (D:3)
  2 ball pythons
  7 endoplasms
  4 giant cockroaches (D:2)
  7 goblins
  5 hobgoblins
  7 jackals (D:1)
  4 bats (D:1)
  3 frilled lizards (D:1)
  8 kobolds (D:1)
  3 rats
59 creatures vanquished.

Vanquished Creatures (others)
  2 fungi (D:1)
2 creatures vanquished.

Grand Total: 61 creatures vanquished

Notes
Turn   | Place    | Note
-------+----------+-------------------------------------------
     0 | D:1      | protoss039 the Formicid Fighter began the quest for the
                  | Orb.
     0 | D:1      | Reached XP level 1. HP: 18/18 MP: 1/1
   517 | D:1      | Reached XP level 2. HP: 24/24 MP: 2/2
   723 | D:1      | Reached XP level 3. HP: 23/29 MP: 3/3
  1621 | D:1      | Reached XP level 4. HP: 36/37 MP: 4/4
  1734 | D:2      | Found an iron altar of Okawaru.
  1742 | D:2      | Became a worshipper of Warmaster Okawaru
  1756 | D:2      | Noticed a floating eye
  1760 | D:2      | Noticed an eye of devastation
  1762 | D:2      | Found a faded altar of an unknown god.
  1764 | D:2      | Noticed an eye of devastation
  1764 | D:2      | Noticed a floating eye
  1799 | D:2      | Noticed Natasha
  1809 | D:2      | Killed Natasha
  1840 | D:2      | Noticed Natasha
  1849 | D:2      | Killed Natasha
  1850 | D:2      | Reached skill level 1 in Invocations
  1850 | D:2      | Reached XP level 5. HP: 30/42 MP: 5/5
  1970 | D:2      | Noticed Natasha
  1989 | D:2      | Killed Natasha
  2826 | D:3      | Noticed Jaiteiro's ghost (amateur VSFi)
  2826 | D:3      | Found a runed translucent gate.
  2826 | D:3      | Found a runed translucent gate.
  2834 | D:3      | Found a runed translucent gate.
  2938 | D:3      | Killed from afar by an orc priest

Illustrated notes

Levels and vault maps discovered:
D:1:      dpeg_cavernosity, layout_basic, serial_co_window_serial,
          co_window_paths_b, co_window_corner_a, co_window_corner_a,
          co_window_corner_a, co_window_corner_a, co_window_paths_a,
          co_window_paths_a, co_window_corner_a, co_window_cross_1,
          co_window_of_opportunity_c, co_window_corner_b, co_window_cross_3,
          co_window_2corner, co_window_of_opportunity_c, co_window_paths_c,
          chequers_serial_rivers_marsh, minmay_crystal_room
D:2:      layout_loops_ring, basic_altar,
          hellmonk_ecumenical_altar_watching_god, uniq_natasha
D:3:      cheibrodos_helix_gallery, layout_rooms, gammafunk_ghost_split,
          nicolae_figureground_pulse

Skill      XL: |  1  2  3  4  5 |
---------------+----------------+-----
Shields        | 4 |  4.2
Axes           | 3 |  3.8
Fighting       | 4 |  4.1
Invocations    | 1 |  1.6
Armour         | 4 |  4.0

Action                   |  1- 3 |  4- 6 || total
-------------------------+-------+-------++-------
Melee: War axe           |    87 |    78 ||   165
 Abil: Dig               |     1 |       ||     1
  Use: Potion            |       |     1 ||     1
Armor: Scale mail        |    57 |    46 ||   103
Dodge: Dodged            |    53 |    33 ||    86
Block: Buckler           |    31 |    15 ||    46
